 Dungeon Sprint DCSS version 0.21.1-1-g345015f (webtiles) character file.

184712 Kidiri the Imperceptible (level 16, 0/87 HPs)
             Began as a Spriggan Enchanter on May 22, 2018.
             Was the Champion of Dithmenos.
             Killed by vampiric draining
             ... invoked by a vampire knight
              (2 damage)
             ... in the Dungeon (Sprint III: "The Ten Rune Challenge") on June 28, 2018.
             The game lasted 01:19:17 (10743 turns).

Kidiri the Imperceptible (Spriggan Enchanter)      Turns: 10743, Time: 01:19:18

Health: 0/87       AC:  5    Str: 11    XL:     16   Next: 30%
Magic:  10/41      EV: 46    Int: 27    God:    Dithmenos [******]
Gold:   11882      SH: 13    Dex: 29    Spells: 20/56 levels left

rFire    x . .     SeeInvis +   j - +6 dagger of the Shrike {pierce, +Rage rPois rF- Dex+9}
rCold    . . .     Gourm    .   a - +3 warlock's mirror {reflect}
rNeg     . . .     Faith    .   W - +3 robe of Clouds {+Fly rElec}
rPois    +         Spirit   .   w - +0 hat {Int+3}
rElec    +         Reflect  +   G - scarf {repulsion}
rCorr    .         Harm     .   (gloves unavailable)
MR       ++...     NoTele   +   (boots unavailable)
Stlth    ++++++++++             I - amulet of Vacvyacw {Regen+ Str+7 Int+2 Stlth+}
HPRegen  0.64/turn              H - ring of wizardry
MPRegen  0.27/turn              L - +3 ring of evasion

@: berserk cooldown, slowed, wreathed by umbra, drained, repel missiles, quick
A: very small, unfitting armour, hooves 1, horns 1, see invisible, clever 1,
herbivore, speed 3, slow metabolism 2
}: 4/10 runes: serpentine, barnacled, silver, golden
a: Shadow Step, Shadow Form, Renounce Religion, Evoke Berserk Rage, Evoke Flight


You were in the Dungeon.
You worshipped Dithmenos.
Dithmenos was exalted by your worship.
You were hungry.

You visited 1 branch You collected 13326 gold pieces.
You spent 1444 gold pieces at shops.

Inventory:

Hand Weapons
 j - the +6 dagger of the Shrike (weapon) {pierce, +Rage rPois rF- Dex+9}
   (You acquired it in the Dungeon)

   It inflicts extra damage upon your enemies.
   It affects your dexterity (+9).
   It makes you vulnerable to fire.
   It protects you from poison.
   It lets you go berserk.
 A - a +2 rapier of venom
 D - a +4 quick blade
 E - the +5 rapier "Gaoc" {freeze, rPois}
   (You found it in the Dungeon)

   It has been specially enchanted to freeze those struck by it, causing extra
   injury to most foes and up to half again as much damage against particularly
   susceptible opponents.
   It can also slow down cold-blooded creatures.
   It protects you from poison.
Missiles
 u - 9 throwing nets (quivered)
Armour
 a - the +3 warlock's mirror (worn) {reflect}
   (You acquired it in the Dungeon)
 w - a +0 hat of intelligence (worn)
 y - a +1 cloak of magic resistance
 C - the +0 hat "Ydairo Ashri" {rF+ Str+2 Dex+2}
   (You acquired it in the Dungeon)

   It affects your strength (+2).
   It affects your dexterity (+2).
   It protects you from fire.
 G - a scarf of repulsion (worn)
 M - a +2 hat
 W - the +3 robe of Clouds (worn) {+Fly rElec}
   (You found it in the Dungeon)

   It insulates you from electricity.
   It lets you fly.
Jewellery
 f - the ring of Kivarph {-Tele Dex+4 Stlth-}
   (You found it in the Dungeon)

   [ring of loudness]

   It affects your dexterity (+4).
   It prevents most forms of teleportation.
   It makes you less stealthy.
 k - an uncursed ring of magical power
 z - a +3 ring of dexterity
 F - the amulet "Afassugi" {Regen+ Dex+4}
   (You found it in the Dungeon)

   [amulet of regeneration]

   It affects your dexterity (+4).
   It increases your rate of regeneration.
 H - a ring of wizardry (left hand)
 I - the amulet of Vacvyacw (around neck) {Regen+ Str+7 Int+2 Stlth+}
   (You found it in the Dungeon)

   [amulet of regeneration]

   It affects your strength (+7).
   It affects your intelligence (+2).
   It increases your rate of regeneration.
   It makes you more stealthy.
 K - an uncursed ring of protection from fire
 L - a +3 ring of evasion (right hand)
 U - an uncursed ring of resist corrosion
Wands
 s - a wand of paralysis (15)
 B - a wand of iceblast (18)
 O - a wand of digging (13)
Scrolls
 b - a scroll of silence
 l - a scroll of holy word
 n - 3 scrolls of remove curse
 p - a scroll of torment
 J - 3 scrolls of amnesia
Potions
 g - 3 potions of haste
 h - a potion of magic
 o - 6 potions of flight
 q - 2 potions of lignification
 r - 4 potions of mutation
 v - a potion of invisibility
 x - a potion of resistance
Books
 c - a book of Maledictions

   Spells                             Type                      Level
   a - Corona                         Hexes                        1
   b - Ensorcelled Hibernation        Hexes/Ice                    2
   c - Confuse                        Hexes                        3
   d - Tukima's Dance                 Hexes                        3
   e - Dazzling Spray                 Conjuration/Hexes            3
 m - Ohueseh's Grimoire of Shifting Intoxication
   (You found it in the Dungeon)

   Spells                             Type                      Level
   a - Sting                          Conjuration/Poison           1
   b - Poisonous Vapours              Poison/Air                   2
   c - Sticks to Snakes               Transmutation                2
   d - Passwall                       Transmutation/Earth          2
   e - Spider Form                    Transmutation/Poison         3
   f - Irradiate                      Conjuration/Transmutation    5
   g - Yara's Violent Unravelling     Hexes/Transmutation          5
 t - a book of Misfortune

   Spells                             Type                      Level
   a - Confusing Touch                Hexes                        1
   b - Confuse                        Hexes                        3
   c - Gell's Gravitas                Translocation                3
   d - Petrify                        Transmutation/Earth          4
   e - Metabolic Englaciation         Hexes/Ice                    5
   f - Yara's Violent Unravelling     Hexes/Transmutation          5
 N - a book of Dreams

   Spells                             Type                      Level
   a - Ensorcelled Hibernation        Hexes/Ice                    2
   b - Borgnjor's Vile Clutch         Necromancy/Earth             5
   c - Silence                        Hexes/Air                    5
   d - Darkness                       Hexes                        6
   e - Shadow Creatures               Summoning                    6
 P - the Tome of Helpful Translocation
   (You found it in the Dungeon)

   Spells                             Type                      Level
   a - Infusion                       Charms                       1
   b - Apportation                    Translocation                1
   c - Swiftness                      Charms/Air                   2
   d - Ozocubu's Armour               Charms/Ice                   3
   e - Spectral Weapon                Hexes/Charms                 3
   f - Gell's Gravitas                Translocation                3
   g - Malign Gateway                 Summoning/Translocation      7
 Q - a book of Debilitation

   Spells                             Type                      Level
   a - Corona                         Hexes                        1
   b - Slow                           Hexes                        2
   c - Inner Flame                    Hexes/Fire                   3
   d - Portal Projectile              Hexes/Translocation          3
   e - Cause Fear                     Hexes                        4
   f - Leda's Liquefaction            Hexes/Earth                  4
 R - the Almanac of the Enthralling Blaze
   (You found it in the Dungeon)

   Spells                             Type                      Level
   a - Confusing Touch                Hexes                        1
   b - Corona                         Hexes                        1
   c - Bolt of Magma                  Conjuration/Fire/Earth       5
   d - Summon Mana Viper              Hexes/Summoning              5
   e - Ignition                       Fire                         8
Comestibles
 d - 16 rations


   Skills:
 + Level 11.3(11.1) Fighting
 * Level 19.2(18.9) Short Blades
 + Level 10.4(10.2) Armour
 * Level 23.6(23.3) Dodging
 * Level 25.6(25.3) Stealth
 + Level 7.9(7.7) Shields
 * Level 20.7(20.5) Spellcasting
 + Level 9.7(9.5) Conjurations
 + Level 15.7(15.5) Hexes
 + Level 15.4(15.2) Transmutations
 + Level 11.2(10.9) Ice Magic
 + Level 11.4(11.2) Earth Magic
 - Level 8.4(8.2) Invocations
 + Level 11.7(11.5) Evocations


You had 20 spell levels left.
You knew the following spells:

 Your Spells              Type           Power        Failure   Level  Hunger
a - Corona                Hex            #######      0%          1    None
b - Ensorcelled Hibernat  Hex/Ice        ######       0%          2    None
c - Confuse               Hex            #######.     0%          3    None
d - Tukima's Dance        Hex            #######.     0%          3    None
e - Dazzling Spray        Conj/Hex       ######       1%          3    None
f - Petrify               Tmut/Erth      #######.     1%          4    None
g - Silence               Hex/Air        ######....   1%          5    None
h - Slow                  Hex            #######.     0%          2    None
i - Spectral Weapon       Hex/Chrm       ######..     1%          3    None
j - Cause Fear            Hex            #######...   1%          4    None
k - Darkness              Hex            #######...   1%          6    None


Dungeon Overview and Level Annotations

Branches:
Dungeon (1/1)

Altars:
Cheibriados
Dithmenos
Elyvilon
Fedhas
Gozag
Hepliaklqana
Kikubaaqudgha
Makhleb
Nemelex Xobeh
Okawaru
Qazlal
Ru
Sif Muna
Trog
Uskayaw
Vehumet
Wu Jian
Xom
Yredelemnul
Zin
The Shining One
Beogh
Jiyva
Lugonu

Shops:
D [=?[%:?:!!:?:}%=[[(

Annotations:
D exclusion: 5 doors, Boris


Innate Abilities, Weirdness & Mutations

You are very small and have problems with some larger weapons.
You are too small for most types of armour.
You have supernaturally acute eyesight. (SInv)
You are a herbivore.
You cover ground extremely quickly.
You need consume almost no food.
You have large cloven feet.
You have a pair of small horns on your head.
Your mind is acute. (Int +2)


Message History

Unknown command.
Okay, then.
Unknown command.
Evoke which item? (* to show all) (? for menu, Esc to quit)
Aiming: Paralyse
Press: ? - help, Shift-Dir - straight line, f/p - vampire knight
Aim: a vampire knight, wielding a long sword and wearing a chain mail (severely damaged, fast, slightly transparent, umbra, chance to defeat MR: 24%)
Okay, then.
Unknown command.
Casting: Dazzling Spray
Confirm with . or Enter, or press ? or * to list all spells.
Aiming: Confuse
Press: ? - help, Shift-Dir - straight line, f/p - vampire knight
Aim: a vampire knight, wielding a long sword and wearing a chain mail (severely damaged, fast, slightly transparent, umbra, chance to defeat MR: 35%)
The vampire knight easily resists.
The vampire knight blinks!
The vampire knight hits you with a long sword.
* * * LOW HITPOINT WARNING * * *
You block the vampire knight's attack.
The vampire knight is infused with unholy energy.
You die...

###############.#......##########
.....##.#.#.#.#........#...^.+..^
....%##................#.######..
#######................#)).+..##.
*########'##############)).#...##
,#Z§Z###...##,#≈≈§§≈≈#######....#
≈#§§Z##.....##+#§§≈P≈#.#.........
,#§###.......###§.§P≈#≈▓+▓▓▓▓▓▓▓▓
,+...'.......'§V@..§§§.▓..#......
,#+###.......#####.P§#§▓.^#...^..
≈*≈≈≈##.....##,,,##P§#.▓..#.^####
,*+*+*##...##*,*,,##+##▓..#..#...
**,*,* ##+##**,**,**,,,▓..#..#^..
,*+*****,≈≈≈+*,**,****,▓..#^.#...
,*,,+∩∩*,≈≈,*,,**,,,,,,▓..#^.#...
,****∩∩*,≈≈,*******+***▓..#..#+##
,,***,,*,,≈,*,,+≈⌠,,,≈,▓..#..#...


You could see a vampire knight (invisible).

Vanquished Creatures
  Mara (D)
  2 greater mummies (D)
  Frederick (D)
  A golden dragon (D)
  Rupert (D)
  2 liches (D)
  A deep elf blademaster (D)
  A kraken (D)
  A quicksilver dragon (D)
  3 titans (D)
  2 sphinxes (D)
  Chuck (D)
  Gastronok (D)
  Dowan (D)
  2 shadow dragons (D)
  4 azure jellies (D)
  A nagaraja (D)
  3 frost giants (D)
  A vampire knight (D)
  A deep elf annihilator (D)
  2 deep elf demonologists (D)
  2 dire elephants (D)
  A deep elf death mage (D)
  6 mummy priests (D)
  A fire dragon (D)
  An ogre mage (D)
  A deep elf high priest (D)
  Erolcha (D)
  16 vault guards (D)
  A yaktaur captain (D)
  A naga warrior (D)
  3 alligator snapping turtles (D)
  An anaconda (D)
  2 centaur warriors (D)
  A two-headed ogre (shapeshifter) (D)
  4 dancing weapons (D)
  4 death yaks (D)
  Urug (D)
  2 orc high priests (D)
  An iron golem (D)
  4 hell knights (D)
  3 skeletal warriors (D)
  A spriggan druid (D)
  A deep troll (shapeshifter) (D)
  An obsidian statue (D)
  An anaconda zombie (D)
  A golden dragon zombie (D)
  An orange crystal statue (D)
  A death drake (D)
  7 deep elf magi (D)
  A lindwurm (D)
  4 crystal guardians (D)
  3 ugly things (D)
  2 elephants (D)
  3 black mambas (D)
  A guardian serpent (D)
  A molten gargoyle (D)
  3 statues (D)
  A water nymph (shapeshifter) (D)
  Duvessa (D)
  2 spiny frogs (D)
  A rime drake (D)
  A komodo dragon (D)
  An anaconda simulacrum (D)
  10 guardian mummies (D)
  3 wandering mushrooms (D)
  4 spriggan defenders (D)
  A queen bee (D)
  5 slime creatures (D)
  2 tyrant leeches (D)
  A dream sheep (shapeshifter) (D)
  3 snapping turtles (D)
  8 blink frogs (D)
  A snapping turtle (shapeshifter) (D)
  A redback (shapeshifter) (D)
  A shadow (D)
  5 redbacks (D)
  2 spriggans (D)
  A spatial vortex (D)
  2 nagas (D)
  6 water moccasins (D)
  A porcupine (shapeshifter) (D)
  2 orc warriors (D)
  A swamp drake (D)
  A necrophage (D)
  5 two-headed ogres (D)
  A water elemental (D)
  32 killer bees (D)
  4 orc priests (D)
  A wizard (D)
  Crazy Yiuf (D)
  A jelly (D)
  3 orc wizards (D)
  Jessica (D)
  2 necromancers (D)
  3 humans (D)
  A kobold demonologist (D)
  4 adders (D)
  11 orcs (D)
  3 rats (D)
  A ballistomycete spore (D)
  7 butterflies (D)
  A fungus (D)
  A plant (D)
  2 tentacles (D)
275 creatures vanquished.

Vanquished Creatures (others)
  2 draconian scorchers (D)
  A mummy priest (D)
  2 hydras (D)
  A statue (D)
  6 hellions (D)
  3 yaktaurs (D)
  3 guardian mummies (D)
  An electric eel (D)
  2 bushes (D)
  2 spectral weapons (D)
  6 tentacles (D)
29 creatures vanquished.

Grand Total: 304 creatures vanquished

Notes
Turn   | Place    | Note
-------+----------+-------------------------------------------
     0 | D        | Kidiri the Spriggan Enchanter began the quest for the Orb.
     0 | D        | Reached XP level 1. HP: 9/9 MP: 5/5
    19 | D        | Noticed Jessica
    22 | D        | Killed Jessica
    22 | D        | Reached skill level 1 in Fighting
    22 | D        | Reached skill level 1 in Armour
    22 | D        | Reached skill level 5 in Stealth
    22 | D        | Reached XP level 2. HP: 14/14 MP: 6/8
    72 | D        | Learned a level 2 spell: Ensorcelled Hibernation
    83 | D        | Reached skill level 5 in Dodging
    83 | D        | Reached skill level 6 in Stealth
    83 | D        | Reached XP level 3. HP: 8/18 MP: 2/9
    88 | D        | Learned a level 3 spell: Confuse
    89 | D        | Killed a yaktaur
    92 | D        | Learned a level 3 spell: Tukima's Dance
   129 | D        | Killed a hellion
   130 | D        | Killed a hellion
   130 | D        | Killed a hellion
   156 | D        | Killed a hellion
   156 | D        | Killed a hellion
   168 | D        | Killed a hellion
   187 | D        | Killed a white draconian scorcher
   251 | D        | Noticed Crazy Yiuf
   260 | D        | Killed Crazy Yiuf
   260 | D        | Reached XP level 4. HP: 22/22 MP: 5/11
   285 | D        | Gained mutation: You have large cloven feet. [potion of mutation]
   285 | D        | Gained mutation: You have a pair of small horns on your head. [potion of mutation]
   285 | D        | Gained mutation: You have a pair of horns on your head. [potion of mutation]
   285 | D        | Gained mutation: Your mind is acute. (Int +2) [potion of mutation]
   323 | D        | Learned a level 3 spell: Dazzling Spray
   324 | D        | Noticed a water elemental
   327 | D        | Killed a water elemental
   327 | D        | Reached skill level 7 in Stealth
   327 | D        | Reached skill level 5 in Spellcasting
   327 | D        | Reached skill level 5 in Hexes
   327 | D        | Reached skill level 1 in Ice Magic
   338 | D        | Found a basalt altar of Yredelemnul.
   338 | D        | Found a shadowy altar of Dithmenos.
   338 | D        | Found a sacrificial altar of Ru.
   338 | D        | Noticed a necrophage
   338 | D        | Killed a white draconian scorcher
   340 | D        | Reached skill level 8 in Stealth
   340 | D        | Reached XP level 5. HP: 26/26 MP: 14/14
   341 | D        | Killed a necrophage
   341 | D        | Reached skill level 5 in Short Blades
   341 | D        | Reached skill level 9 in Stealth
   347 | D        | Became a worshipper of Dithmenos the Shadowed
   357 | D        | Found a hide-covered altar of Uskayaw.
   357 | D        | Found a roughly hewn altar of Beogh.
   357 | D        | Found an iron altar of Okawaru.
   357 | D        | Found a bloodstained altar of Trog.
   357 | D        | Found an ornate altar of the Wu Jian Council.
   357 | D        | Noticed a human
   357 | D        | Noticed a human
   369 | D        | Killed a human
   369 | D        | Reached skill level 10 in Stealth
   369 | D        | Reached skill level 1 in Invocations
   369 | D        | Reached XP level 6. HP: 24/32 MP: 10/17
   399 | D        | Killed a human
   399 | D        | Reached XP level 7. HP: 29/36 MP: 3/19
   509 | D        | Found a glowing silver altar of Zin.
   510 | D        | Found a glowing golden altar of the Shining One.
   510 | D        | Found a white marble altar of Elyvilon.
   510 | D        | Noticed a deep elf mage
   512 | D        | Killed a deep elf mage
   512 | D        | Reached * piety under Dithmenos
   512 | D        | Reached skill level 10 in Dodging
   512 | D        | Reached skill level 12 in Stealth
   553 | D        | Found a radiant altar of Vehumet.
   554 | D        | Found a deep blue altar of Sif Muna.
   554 | D        | Found an ancient bone altar of Kikubaaqudgha.
   557 | D        | Reached ** piety under Dithmenos
   557 | D        | Reached XP level 8. HP: 42/42 MP: 21/21
   619 | D        | Found a blossoming altar of Fedhas.
   619 | D        | Found a stormy altar of Qazlal.
   620 | D        | Found a snail-covered altar of Cheibriados.
   620 | D        | Found a burning altar of Makhleb.
   620 | D        | Found a hazy altar of Hepliaklqana.
   620 | D        | Found a shimmering altar of Xom.
   620 | D        | Found an opulent altar of Gozag.
   620 | D        | Found a sparkling altar of Nemelex Xobeh.
   620 | D        | Found a corrupted altar of Lugonu.
   620 | D        | Found a viscous altar of Jiyva.
   636 | D        | Learned a level 4 spell: Petrify
   646 | D        | Reached skill level 1 in Transmutations
   651 | D        | Reached *** piety under Dithmenos
   656 | D        | Noticed a two-headed ogre
   659 | D        | Killed a two-headed ogre
   659 | D        | Reached skill level 13 in Stealth
   659 | D        | Reached skill level 1 in Conjurations
   659 | D        | Reached skill level 1 in Earth Magic
   665 | D        | Noticed a two-headed ogre
   665 | D        | Noticed Erolcha
   667 | D        | Killed Erolcha
   667 | D        | Reached skill level 10 in Spellcasting
   667 | D        | Reached XP level 9. HP: 46/46 MP: 22/24
   668 | D        | Killed a two-headed ogre
   668 | D        | Reached **** piety under Dithmenos
   677 | D        | Reached skill level 14 in Stealth
   761 | D        | Noticed a queen bee
   763 | D        | Reached skill level 5 in Fighting
   765 | D        | Killed a queen bee
   781 | D        | Reached ***** piety under Dithmenos
   868 | D        | Reached skill level 5 in Invocations
   873 | D        | Reached ****** piety under Dithmenos
   873 | D        | Reached skill level 10 in Short Blades
   876 | D        | Reached XP level 10. HP: 30/51 MP: 3/26
  1047 | D        | Found Kyiwkaocs's Magic Scroll Boutique.
  1327 | D        | Reached skill level 5 in Ice Magic
  1355 | D        | Reached skill level 5 in Transmutations
  1478 | D        | Killed a six-headed hydra
  1577 | D        | Noticed a spiny frog
  1577 | D        | Noticed a spiny frog
  1579 | D        | Killed a spiny frog
  1579 | D        | Reached skill level 5 in Armour
  1579 | D        | Reached skill level 15 in Stealth
  1591 | D        | Killed a spiny frog
  1646 | D        | Noticed a lindwurm
  1649 | D        | Killed a lindwurm
  1657 | D        | Noticed Urug
  1659 | D        | Killed Urug
  1689 | D        | Reached XP level 11. HP: 56/56 MP: 28/28
  1708 | D        | Reached skill level 16 in Stealth
  1775 | D        | Killed a four-headed hydra
  1842 | D        | Noticed Rupert
  1844 | D        | Killed Rupert
  1844 | D        | Reached skill level 10 in Hexes
  1844 | D        | Reached skill level 5 in Earth Magic
  1869 | D        | Noticed a death yak
  1870 | D        | Noticed a death yak
  1871 | D        | Noticed an azure jelly
  1871 | D        | Noticed an azure jelly
  1871 | D        | Noticed a death yak
  1871 | D        | Noticed an azure jelly
  1871 | D        | Noticed an azure jelly
  1871 | D        | Noticed a death yak
  1872 | D        | Killed a death yak
  1872 | D        | Reached skill level 15 in Dodging
  1875 | D        | Killed a death yak
  1877 | D        | Killed a death yak
  1877 | D        | Reached skill level 17 in Stealth
  1879 | D        | Killed a death yak
  1971 | D        | Noticed a kraken
  2068 | D        | Noticed an alligator snapping turtle
  2068 | D        | Noticed an alligator snapping turtle
  2100 | D        | Killed a kraken
  2100 | D        | Reached XP level 12. HP: 62/62 MP: 3/30
  2232 | D        | Found Ysion's Antique Armour Shoppe.
  2232 | D        | Found Ovinus's Jewellery Boutique.
  2232 | D        | Found Fouwk's Magic Scroll Shop.
  2232 | D        | Noticed an alligator snapping turtle
  2258 | D        | Killed an alligator snapping turtle
  2261 | D        | Killed an alligator snapping turtle
  2261 | D        | Reached skill level 5 in Conjurations
  2332 | D        | Killed an alligator snapping turtle
  2332 | D        | Reached skill level 18 in Stealth
  2341 | D        | Got a barnacled rune of Zot
  2393 | D        | Noticed a dire elephant
  2393 | D        | Noticed a dire elephant
  2393 | D        | Noticed Gastronok
  2395 | D        | Killed Gastronok
  2396 | D        | Killed a dire elephant
  2409 | D        | Killed a dire elephant
  2611 | D        | Noticed an orc high priest
  2613 | D        | Found a roughly hewn altar of Beogh.
  2620 | D        | Killed an orc high priest
  2827 | D        | Bought a scroll of enchant weapon for 82 gold pieces
  2827 | D        | Bought a scroll of blinking for 82 gold pieces
  2827 | D        | Bought a scroll of magic mapping for 38 gold pieces
  2830 | D        | Bought a +3 amulet of reflection for 157 gold pieces
  2830 | D        | Bought an uncursed ring of stealth for 175 gold pieces
  2830 | D        | Bought a +3 ring of dexterity for 157 gold pieces
  2831 | D        | Bought a buckler for 90 gold pieces
  2938 | D        | Found a blossoming altar of Fedhas.
  2963 | D        | Noticed an anaconda
  2970 | D        | Killed an anaconda
  2970 | D        | Reached skill level 19 in Stealth
  2970 | D        | Reached skill level 1 in Shields
  3077 | D        | Reached skill level 10 in Transmutations
  3080 | D        | Reached skill level 15 in Spellcasting
  3106 | D        | Noticed a naga warrior
  3106 | D        | Noticed a nagaraja
  3106 | D        | Found Ysaileak's Antique Armour Shop.
  3106 | D        | Found Liju's Food Shoppe.
  3108 | D        | Reached XP level 13. HP: 68/68 MP: 28/33
  3109 | D        | Found Evel's Book Boutique.
  3111 | D        | Killed a nagaraja
  3140 | D        | Got a serpentine rune of Zot
  3307 | D        | Noticed a deep elf demonologist
  3307 | D        | Noticed a deep elf demonologist
  3307 | D        | Noticed a deep elf annihilator
  3310 | D        | Killed a deep elf demonologist
  3318 | D        | Killed a deep elf demonologist
  3318 | D        | Killed a deep elf annihilator
  3455 | D        | Noticed a deep elf blademaster
  3456 | D        | Noticed a deep elf death mage
  3457 | D        | Killed a deep elf blademaster
  3457 | D        | Reached skill level 20 in Stealth
  3460 | D        | Killed a deep elf death mage
  3491 | D        | Found the +7 lajatang of Order {silver, rMut}
  3491 | D        | Got an ancient pewter amulet
  3500 | D        | Identified the Almanac of the Enthralling Blaze
  3504 | D        | Found the +3 robe of Clouds {+Fly rElec}
  3582 | D        | Identified the amulet of Vacvyacw {Regen+ Str+7 Int+2 Stlth+} (You found it in the Dungeon)
  3760 | D        | Bought a scroll of identify for 22 gold pieces
  3790 | D        | Noticed Dowan
  3790 | D        | Noticed Duvessa
  3792 | D        | Killed Dowan
  3792 | D        | Reached skill level 1 in Evocations
  3802 | D        | Killed Duvessa
  3985 | D        | Found Totiqix's Book Emporium.
  3985 | D        | Found Riegokk's Food Shop.
  3985 | D        | Found Pig Lud's Book Boutique.
  3985 | D        | Found Etiamilo's Antique Weapon Shoppe.
  3985 | D        | Found Caqipnos's Magic Scroll Boutique.
  3985 | D        | Found Xufownau's Gadget Emporium.
  3985 | D        | Found Ralower's Distillery.
  3985 | D        | Found Ejuzotach's Antique Armour Shop.
  3985 | D        | Found Jiarexi's Distillery.
  3985 | D        | Found Yfroh's Armour Emporium.
  3985 | D        | Found Boemnitre's Book Emporium.
  3985 | D        | Found Kocit's Jewellery Boutique.
  4001 | D        | Bought a potion of haste for 100 gold pieces
  4001 | D        | Bought a potion of resistance for 100 gold pieces
  4001 | D        | Bought a potion of curing for 30 gold pieces
  4001 | D        | Bought a potion of haste for 100 gold pieces
  4001 | D        | Bought a potion of curing for 30 gold pieces
  4001 | D        | Bought a potion of heal wounds for 50 gold pieces
  4012 | D        | Bought a +1 cloak of magic resistance for 231 gold pieces
  4091 | D        | Reached skill level 15 in Short Blades
  4215 | D        | Noticed a fire dragon
  4217 | D        | Killed a fire dragon
  4277 | D        | Got a shimmering rapier
  4279 | D        | Identified the +5 rapier "Gaoc" {freeze, rPois} (You found it in the Dungeon)
  4309 | D        | Reached XP level 14. HP: 74/74 MP: 27/35
  4419 | D        | Reached skill level 21 in Stealth
  4438 | D        | Noticed Chuck
  4456 | D        | Got a warped brass amulet
  4461 | D        | Killed Chuck
  4487 | D        | Noticed Frederick
  4744 | D        | Killed Frederick
  4744 | D        | Reached skill level 5 in Evocations
  4844 | D        | Noticed a lich
  4846 | D        | Killed a lich
  4943 | D        | Noticed a lich
  4945 | D        | Killed a lich
  4945 | D        | Reached skill level 22 in Stealth
  4965 | D        | Noticed a shadow dragon
  4967 | D        | Reached skill level 5 in Shields
  4971 | D        | Noticed a shadow dragon
  4973 | D        | Killed a shadow dragon
  4974 | D        | Killed a shadow dragon
  5317 | D        | Noticed a sphinx
  5317 | D        | Noticed a sphinx
  5320 | D        | Killed a sphinx
  5321 | D        | Killed a sphinx
  5784 | D        | Noticed a frost giant
  5784 | D        | Noticed a golden dragon
  5784 | D        | Noticed a titan
  5784 | D        | Noticed a frost giant
  5784 | D        | Noticed a quicksilver dragon
  5784 | D        | Noticed a frost giant
  5784 | D        | Noticed a titan
  5795 | D        | Reached XP level 15. HP: 63/77 MP: 23/38
  5804 | D        | Reached skill level 10 in Fighting
  5816 | D        | Noticed a titan
  6073 | D        | Killed a quicksilver dragon
  6073 | D        | Reached skill level 23 in Stealth
  6076 | D        | Killed a frost giant
  6669 | D        | Killed a titan
  6794 | D        | Lost mutation: You have a pair of horns on your head. [a Zot trap]
  6954 | D        | Reached skill level 10 in Ice Magic
  6954 | D        | Reached skill level 10 in Earth Magic
  7129 | D        | Killed a frost giant
  7181 | D        | Killed a golden dragon
  7463 | D        | Killed a titan
  7641 | D        | Reached skill level 24 in Stealth
  7692 | D        | Killed a frost giant
  7834 | D        | Killed a titan
  7930 | D        | Reached skill level 10 in Evocations
  7961 | D        | Got a silver rune of Zot
  7965 | D        | Identified the Tome of Helpful Translocation
  8045 | D        | Identified the amulet "Afassugi" {Regen+ Dex+4} (You found it in the Dungeon)
  8156 | D        | Found the +3 warlock's mirror {reflect}
  8262 | D        | Learned a level 5 spell: Silence
  8265 | D        | Learned a level 2 spell: Slow
  8269 | D        | Learned a level 3 spell: Spectral Weapon
  8274 | D        | Learned a level 4 spell: Cause Fear
  8281 | D        | Learned a level 6 spell: Darkness
  8283 | D        | Noticed a greater mummy
  8283 | D        | Noticed a greater mummy
  8881 | D        | Killed a greater mummy
  8881 | D        | Reached skill level 10 in Armour
  8881 | D        | Reached skill level 15 in Hexes
  8932 | D        | HP: 1/79 [death scarab[a greater mummy] (22)]
  8937 | D        | Killed a greater mummy
  8952 | D        | Got a clouded granite ring
  8962 | D        | Got a golden rune of Zot
  8963 | D        | Identified Ohueseh's Grimoire of Shifting Intoxication
  9059 | D        | Identified the ring of Kivarph {-Tele Dex+4 Stlth-} (You found it in the Dungeon)
  9093 | D        | Got a crude hat
  9104 | D        | Identified the +0 hat "Ydairo Ashri" {rF+ Str+2 Dex+2} (You acquired it in the Dungeon)
  9119 | D        | Got an ebony dagger
  9121 | D        | Identified the +6 dagger of the Shrike {pierce, +Rage rPois rF- Dex+9} (You acquired it in the Dungeon)
  9391 | D        | Killed an azure jelly
  9391 | D        | Reached XP level 16. HP: 79/87 MP: 20/41
  9395 | D        | Reached skill level 25 in Stealth
  9543 | D        | Reached skill level 15 in Transmutations
 10175 | D        | Noticed Boris
 10381 | D        | HP: 1/87 [disintegration (42)]
 10388 | D        | HP: 1/87 [something (3)]
 10653 | D        | Noticed Mara
 10658 | D        | Killed Mara
 10743 | D        | HP: 2/87 [vampire knight/long sword (6)]
 10743 | D        | Killed from afar by a vampire knight

Skill      XL: |  1  2  3  4  5  6  7  8  9 10 11 12 13 14 15 16 |
---------------+-------------------------------------------------+-----
Fighting       | 1 2 3 4 5 6 7 8 9 11 | 11.3
Short Blades   | 2 3 4 6 7 9 10 11 12 13 15 16 18 19 | 19.2
Armour         | 1 2 3 4 5 6 7 8 9 10 | 10.4
Dodging        | 4 5 6 8 9 10 11 12 14 15 17 19 20 23 | 23.6
Stealth        | 5 6 8 10 12 13 14 15 17 19 20 22 24 25 | 25.6
Spellcasting   | 4 5 7 8 10 11 12 13 15 16 18 20 | 20.7
Hexes          | 4 5 6 7 8 9 10 11 12 13 15 | 15.7
Ice Magic      | 1 2 3 4 5 6 7 8 9 10 11 | 11.2
Invocations    | 1 2 3 4 5 6 7 8 |  8.4
Transmutations | 3 4 6 8 10 11 13 14 15 | 15.4
Conjurations   | 1 2 3 4 5 6 8 9 |  9.7
Earth Magic    | 2 3 4 5 6 8 9 11 | 11.4
Shields        | 1 3 5 7 |  7.9
Evocations     | 3 7 10 11 | 11.7

Action                   |  1- 3 |  4- 6 |  7- 9 | 10-12 | 13-15 | 16-18 || total
-------------------------+-------+-------+-------+-------+-------+-------++-------
Melee: Dagger            |     6 |    12 |    39 |   145 |    57 |    82 ||   341
       Headbutt          |       |     2 |       |    11 |    40 |    31 ||    84
       Kick              |       |       |     4 |    13 |    52 |    49 ||   118
       Rapier            |       |       |       |       |   156 |       ||   156
Throw: Throwing net      |       |       |       |       |     7 |       ||     7
 Cast: Corona            |     2 |       |       |       |       |       ||     2
       Ensorcelled Hiber |     5 |     2 |     9 |    43 |    28 |       ||    87
       Confuse           |       |     1 |       |     4 |    32 |     7 ||    44
       Dazzling Spray    |       |     3 |     8 |    39 |   157 |    78 ||   285
       Petrify           |       |       |       |       |     1 |       ||     1
       Spectral Weapon   |       |       |       |       |       |     2 ||     2
Invok: Shadow Step       |       |       |     2 |    13 |    23 |     3 ||    41
       Shadow Form       |       |       |       |       |     1 |     1 ||     2
 Abil: Evoke Flight      |       |       |       |       |     4 |       ||     4
  Use: Potion            |       |     1 |       |       |     7 |     3 ||    11
       Scroll            |       |       |       |     6 |    12 |       ||    18
 Stab: Sleeping          |     5 |     3 |    21 |    64 |    64 |     3 ||   160
       Confused          |       |     2 |       |     2 |    11 |     4 ||    19
       Invisible         |       |     1 |     4 |    12 |    13 |       ||    30
       Distracted        |       |       |       |       |     6 |     1 ||     7
       Held in net/web   |       |       |       |       |     8 |       ||     8
  Eat: Ration            |       |       |       |     1 |     3 |       ||     4
Armor: Robe              |       |     1 |       |     2 |     5 |       ||     8
Dodge: Dodged            |     3 |     5 |    57 |   153 |   143 |   122 ||   483
Block: Buckler           |       |       |       |       |    68 |    58 ||   126
       Reflection        |       |       |       |       |       |     3 ||     3
